% Time on Ice - PORTLAND PIRATES
Lines # - Real PCT - Wanted PCT - Time Play
Normal Forward
1 - 36% - 33% - 18:46
2 - 32% - 32% - 16:32
3 - 27% - 28% - 13:50
4 - 5% - 7% - 2:33
Normal Defense
1 - 33% - 33% - 16:50
2 - 34% - 33% - 17:41
3 - 28% - 28% - 14:42
4 - 5% - 6% - 2:28
PP Forward
1 - 49% - 60% - 2:07
2 - 51% - 40% - 2:14
PP Defense
1 - 70% - 60% - 3:02
2 - 30% - 40% - 1:19
PK Forward
1 - 75% - 60% - 2:59
2 - 25% - 40% - 0:59
PK Defense
1 - 53% - 60% - 2:05
2 - 47% - 40% - 1:53
PK3 Forward
1 - 0% - 60%
2 - 0% - 40%
PK3 Defense
1 - 0% - 60%
2 - 0% - 40%
44 Forward
1 - 0% - 60%
2 - 0% - 40%
44 Defense
1 - 0% - 60%
2 - 0% - 40%
Last Minute Offensive  - 0:00
Last Minute Defensive  - 0:00
Total
Forward - 60:00
Defense - 60:00
% Time on Ice - PHOENIX MUSTANGS
Lines # - Real PCT - Wanted PCT - Time Play
Normal Forward
1 - 36% - 36% - 18:34
2 - 32% - 31% - 16:45
3 - 26% - 25% - 13:11
4 - 6% - 8% - 3:11
Normal Defense
1 - 31% - 36% - 15:56
2 - 28% - 31% - 14:27
3 - 30% - 23% - 15:38
4 - 11% - 10% - 5:40
PP Forward
1 - 58% - 60% - 2:19
2 - 42% - 40% - 1:39
PP Defense
1 - 66% - 55% - 2:37
2 - 34% - 45% - 1:21
PK Forward
1 - 54% - 55% - 2:22
2 - 46% - 45% - 1:59
PK Defense
1 - 55% - 55% - 2:23
2 - 45% - 45% - 1:58
PK3 Forward
1 - 0% - 55%
2 - 0% - 45%
PK3 Defense
1 - 0% - 55%
2 - 0% - 45%
44 Forward
1 - 0% - 55%
2 - 0% - 45%
44 Defense
1 - 0% - 55%
2 - 0% - 45%
Last Minute Offensive  - 0:00
Last Minute Defensive  - 0:00
Total
Forward - 60:00
Defense - 60:00
Play-by-Play 1st period 0:01 of 1st period - Jonathan Toews wins face-off versus Andrew Copp in neutral zone. 1:09 of 1st period - Icing by Andrew Copp. 1:10 of 1st period - Yanni Gourde wins face-off versus T.J. Oshie in PHOENIX MUSTANGS zone. 1:45 of 1st period - Trevor Daley is hit by Frederic Allard and loses puck. 2:30 of 1st period - Robert Thomas is hit by Frederic Allard and loses puck. 3:07 of 1st period - Shot by Jordan Greenway. 3:07 of 1st period - Shot Misses the Net. 3:09 of 1st period - Shot by Dennis Cholowski. 3:09 of 1st period - Shot Misses the Net. 3:18 of 1st period - Minor Penalty to Thomas Chabot for Tripping. 3:19 of 1st period - Christian Dvorak wins face-off versus Jason Dickinson in PORTLAND PIRATES zone. 3:42 of 1st period - Brett Pesce is hit by Teuvo Teravainen and loses puck. 4:01 of 1st period - Shot by Jesper Fast. 4:01 of 1st period - Shot Misses the Net. 4:03 of 1st period - Shot by Alexander Steen. 4:03 of 1st period - Shot Misses the Net. 5:49 of 1st period - Off-side. 5:50 of 1st period - Jonathan Toews wins face-off versus Kevin Hayes in neutral zone. 5:57 of 1st period - Shot by Gabriel Landeskog. 5:57 of 1st period - Shot Misses the Net. 6:03 of 1st period - Jesper Fast is hit by Jonathan Toews. 6:31 of 1st period - Shot by Travis Konecny. 6:31 of 1st period - Stopped by Joonas Korpisalo without a rebound. 6:32 of 1st period - Pavel Zacha wins face-off versus Christian Dvorak in PHOENIX MUSTANGS zone. 6:39 of 1st period - Shot by Pavel Zacha. 6:39 of 1st period - Stopped by Joonas Korpisalo without a rebound. 6:40 of 1st period - Christian Dvorak wins face-off versus Ryan Donato in PHOENIX MUSTANGS zone. 6:45 of 1st period - Shot by Christian Dvorak. 6:45 of 1st period - Shot Misses the Net. 6:50 of 1st period - Off-side. 6:51 of 1st period - Andrew Copp wins face-off versus Pavel Zacha in neutral zone. 6:56 of 1st period - Shot by T.J. Oshie. 6:56 of 1st period - Stopped by Jonathan Bernier without a rebound. 6:57 of 1st period - Yanni Gourde wins face-off versus Alexander Steen in PORTLAND PIRATES zone. 6:57 of 1st period - Yanni Gourde is hit by Jordan Greenway. 7:18 of 1st period - Minor Penalty to Frederic Allard for Roughing. 7:19 of 1st period - Teuvo Teravainen wins face-off versus Jonathan Toews in PHOENIX MUSTANGS zone. 7:19 of 1st period - Jesper Fast is hit by Gabriel Landeskog and loses puck. 7:54 of 1st period - Shot by Gabriel Landeskog. 7:54 of 1st period - Shot Misses the Net. 8:52 of 1st period - Icing by Rasmus Ristolainen. 8:53 of 1st period - Pavel Zacha wins face-off versus Christian Dvorak in PORTLAND PIRATES zone. 9:04 of 1st period - Shot by Ryan Donato. 9:04 of 1st period - Stopped by Joonas Korpisalo without a rebound. 9:05 of 1st period - Travis Konecny wins face-off versus Teuvo Teravainen in PHOENIX MUSTANGS zone. 9:23 of 1st period - Yanni Gourde is hit by Dennis Cholowski and loses puck. 9:28 of 1st period - Shot by Yanni Gourde. 9:28 of 1st period - Deflect By Brett Connolly. 9:28 of 1st period - Stopped by Joonas Korpisalo without a rebound. 9:29 of 1st period - Andrew Copp wins face-off versus Pavel Zacha in PHOENIX MUSTANGS zone. 9:31 of 1st period - Icing by Teuvo Teravainen. 9:32 of 1st period - Robert Thomas wins face-off versus Andrew Copp in PHOENIX MUSTANGS zone. 9:57 of 1st period - Shot by Rickard Rakell. 9:57 of 1st period - Shot Misses the Net. 10:01 of 1st period - Shot by Robert Thomas. 10:01 of 1st period - Shot Blocked by Scott Harrington. 10:15 of 1st period - Travis Hamonic is hit by Andrew Copp and loses puck. 10:23 of 1st period - Alec Martinez is hit by Scott Harrington and loses puck. 10:44 of 1st period - Shot by Gabriel Landeskog. 10:44 of 1st period - Shot Misses the Net. 10:46 of 1st period - Shot by Travis Konecny. 10:46 of 1st period - Goal by Travis Konecny - PORTLAND PIRATES : 1 - PHOENIX MUSTANGS : 0. 10:47 of 1st period - Yanni Gourde wins face-off versus Kevin Hayes in neutral zone. 10:52 of 1st period - Shot by Ryan Donato. 10:52 of 1st period - Shot Blocked by Dennis Cholowski. 12:36 of 1st period - Shot by Andrew Copp. 12:36 of 1st period - Shot Blocked by Thomas Chabot. 12:38 of 1st period - Shot by Jay Bouwmeester. 12:38 of 1st period - Stopped by Jonathan Bernier without a rebound. 12:39 of 1st period - Pavel Zacha wins face-off versus Andrew Copp in PORTLAND PIRATES zone. 12:52 of 1st period - Jonas Brodin is hit by Rickard Rakell and loses puck. 13:03 of 1st period - Robert Thomas is hit by T.J. Oshie and loses puck. 13:31 of 1st period - Shot by Jesper Fast. 13:31 of 1st period - Shot Blocked by Alec Martinez. 15:03 of 1st period - Shot by Andrew Copp. 15:03 of 1st period - Stopped by Jonathan Bernier without a rebound. 15:04 of 1st period - Jonathan Toews wins face-off versus Andrew Copp in PORTLAND PIRATES zone. 15:14 of 1st period - Icing by Brett Pesce. 15:15 of 1st period - Travis Konecny wins face-off versus Kevin Hayes in PORTLAND PIRATES zone. 15:21 of 1st period - Jonathan Toews is hit by Fredrik Claesson and loses puck. 17:09 of 1st period - Icing by Dennis Cholowski. 17:10 of 1st period - Kevin Hayes wins face-off versus Yanni Gourde in PHOENIX MUSTANGS zone. 17:40 of 1st period - Off-side. 17:41 of 1st period - Jonathan Toews wins face-off versus Christian Dvorak in neutral zone. 18:12 of 1st period - Shot by Jonathan Toews. 18:12 of 1st period - Shot Misses the Net. 18:14 of 1st period - Shot by Gabriel Landeskog. 18:14 of 1st period - Goal by Gabriel Landeskog - PORTLAND PIRATES : 2 - PHOENIX MUSTANGS : 0. 18:15 of 1st period - Pavel Zacha wins face-off versus Andrew Copp in neutral zone. 18:21 of 1st period - Icing by Jay Bouwmeester. 18:22 of 1st period - Andrew Copp wins face-off versus Pavel Zacha in PHOENIX MUSTANGS zone. 18:22 of 1st period - Andrew Copp is hit by Rickard Rakell. 18:29 of 1st period - Andrew Copp is hit by Alec Martinez. 18:55 of 1st period - Shot by Teuvo Teravainen. 18:55 of 1st period - Stopped by Jonathan Bernier without a rebound. 18:56 of 1st period - Christian Dvorak wins face-off versus Yanni Gourde in PORTLAND PIRATES zone. 19:31 of 1st period - Shot by Brett Connolly. 19:31 of 1st period - Stopped by Joonas Korpisalo without a rebound. 19:32 of 1st period - Jonathan Toews wins face-off versus Andrew Copp in PHOENIX MUSTANGS zone. 19:33 of 1st period - Shot by Travis Konecny. 19:33 of 1st period - Stopped by Joonas Korpisalo without a rebound. 19:34 of 1st period - Andrew Copp wins face-off versus Jonathan Toews in PHOENIX MUSTANGS zone. Goals for this period are 2 for PORTLAND PIRATES vs 0 for PHOENIX MUSTANGS. Shots for this period are 8 for PORTLAND PIRATES vs 4 for PHOENIX MUSTANGS. 2nd period 0:01 of 2nd period - Michael Amadio wins face-off versus Teuvo Teravainen in neutral zone. 0:39 of 2nd period - Shot by Teuvo Teravainen. 0:39 of 2nd period - Shot Blocked by Michael Amadio. 1:07 of 2nd period - Shot by Jordan Greenway. 1:07 of 2nd period - Stopped by Jonathan Bernier with a rebound. 1:09 of 2nd period - Shot by Jordan Greenway. 1:09 of 2nd period - Deflect By Christian Dvorak. 1:09 of 2nd period - Shot Blocked by Thomas Chabot. 1:39 of 2nd period - Shot by Jordan Greenway. 1:39 of 2nd period - Shot Misses the Net. 1:43 of 2nd period - Shot by Christian Dvorak. 1:43 of 2nd period - Shot Misses the Net. 1:50 of 2nd period - Gabriel Landeskog is hit by Jordan Greenway. 2:04 of 2nd period - Icing by Jordan Greenway. 2:05 of 2nd period - Pavel Zacha wins face-off versus Christian Dvorak in PHOENIX MUSTANGS zone. 2:05 of 2nd period - Rickard Rakell is hit by Jonas Brodin and loses puck. 2:13 of 2nd period - Rickard Rakell is hit by Jonas Brodin and loses puck. 3:22 of 2nd period - Off-side. 3:23 of 2nd period - Jonathan Toews wins face-off versus Kevin Hayes in neutral zone. 3:29 of 2nd period - Off-side. 3:30 of 2nd period - Andrew Copp wins face-off versus Jonathan Toews in neutral zone. 3:35 of 2nd period - Shot by Teuvo Teravainen. 3:35 of 2nd period - Stopped by Jonathan Bernier without a rebound. 3:36 of 2nd period - Kevin Hayes wins face-off versus Yanni Gourde in PORTLAND PIRATES zone. 3:48 of 2nd period - Shot by Clayton Keller. 3:48 of 2nd period - Stopped by Jonathan Bernier with a rebound. 3:50 of 2nd period - Shot by Jay Bouwmeester. 3:50 of 2nd period - Shot Misses the Net. 3:52 of 2nd period - Shot by Jay Bouwmeester. 3:52 of 2nd period - Stopped by Jonathan Bernier with a rebound. 3:54 of 2nd period - Shot by Kevin Hayes. 3:54 of 2nd period - Stopped by Jonathan Bernier without a rebound. 3:55 of 2nd period - Andrew Copp wins face-off versus Jonathan Toews in PORTLAND PIRATES zone. 4:01 of 2nd period - Teuvo Teravainen is hit by Travis Hamonic. 4:14 of 2nd period - Andrew Copp is hit by Travis Hamonic. 4:27 of 2nd period - Teuvo Teravainen is hit by Travis Hamonic and loses puck. 4:47 of 2nd period - Teuvo Teravainen is hit by Travis Hamonic and loses puck. 5:11 of 2nd period - Jesper Fast is hit by Travis Hamonic and loses puck. 5:14 of 2nd period - Shot by Clayton Keller. 5:14 of 2nd period - Shot Misses the Net. 5:16 of 2nd period - Shot by Jesper Fast. 5:16 of 2nd period - Shot Blocked by Travis Hamonic. 5:18 of 2nd period - Shot by Clayton Keller. 5:18 of 2nd period - Stopped by Jonathan Bernier without a rebound. 5:19 of 2nd period - Kevin Hayes wins face-off versus Yanni Gourde in PORTLAND PIRATES zone. 5:36 of 2nd period - Shot by Kevin Hayes. 5:36 of 2nd period - Shot Misses the Net. 5: